 Seeded DCSS version 0.27-a0-1386-g3658877 (webtiles) character file.

Game seed: 7097923925329607158 (custom seed)

240 AmazingTV the Skirmisher (level 5, -10/48 HPs)
             Began as a Minotaur Chaos Knight on June 30, 2021.
             Was a Plaything of Xom.
             Killed from afar by Robin the lindwurm (glowing shapeshifter) (14 damage)
             ... with a blast of flame
             ... on level 2 of the Dungeon.
             The game lasted 00:11:10 (2812 turns).

AmazingTV the Skirmisher (Minotaur Chaos Knight)    Turns: 2812, Time: 00:11:11

Health: -10/48     AC: 11    Str: 17    XL:     5   Next: 80%
Magic:  13/13      EV: 12    Int:  9    God:    Xom [...*..]
Gold:   130        SH:  0    Dex: 10    Spells: 4/4 levels left

rFire    . . .     SeeInvis .   a - +0 mace (chaos)
rCold    . . .     Faith    .   (no shield)
rNeg     . . .     Spirit   .   b - +2 leather armour
rPois    .         Reflect  .   (helmet restricted)
rElec    .         Harm     .   (no cloak)
rCorr    .         Rampage  .   (no gloves)
Will     .....                  c - +0 pair of boots
Stlth    +.........             (no amulet)
HPRegen  0.16/turn              g - ring of magical power
MPRegen  0.13/turn              l - +4 ring of protection

@: no status effects
A: horns 2, retaliatory headbutt, shaggy fur 1
a: Renounce Religion


You were on level 2 of the Dungeon.
You worshipped Xom.
You were a favourite toy of Xom.
You visited 1 branch of the dungeon, and saw 3 of its levels.

You collected 130 gold pieces.

Inventory:

Hand Weapons
 a - a +0 mace of chaos (weapon)
 j - a +0 flail
 t - a +0 dagger of venom
Missiles
 o - 4 atropa-tipped darts (quivered)
 s - 16 arrows
Armour
 b - a +2 leather armour (worn)
 c - a +0 pair of boots (worn)
 k - a +0 ring mail
Jewellery
 g - a ring of magical power (left hand)
 l - a +4 ring of protection (right hand)
 q - an amulet of the acrobat
Scrolls
 d - a scroll of noise {unknown}
 f - 3 scrolls of teleportation {unknown}
 i - a scroll of enchant armour {unknown}
 m - a scroll of immolation {unknown}
Potions
 e - a potion of lignification {unknown}
 h - a potion of degeneration {unknown}
 n - a potion of curing {unknown}
 p - a potion of brilliance {unknown}
 r - a potion of mutation {unknown}


   Skills:
 + Level 5.0 Fighting
 + Level 5.0 Maces & Flails
 + Level 4.2 Armour
 + Level 3.2 Dodging


You had 4 spell levels left.
You didn't know any spells.
Your spell library was empty.

Dungeon Overview and Level Annotations

Branches:
Dungeon (3/15)

Altars:


Innate Abilities, Weirdness & Mutations

You have a pair of horns on your head.
You reflexively headbutt those who attack you in melee.
You are covered in fur. (AC +1)


Message History

The hobgoblin hits you but does no damage.
You hit the hobgoblin.
The hobgoblin is poisoned.
The hobgoblin is heavily wounded.
The hobgoblin barely misses you.
You sock the hobgoblin!
You kill the hobgoblin!
You climb downwards.
Level annotation: Robin Robin says, "A pitiful Minotaur like you will never find the ORB!"
Robin closely misses you. The hobgoblin completely misses you.
The rat misses you. Robin barely misses you.
There is a stone staircase leading up here.
The hobgoblin closely misses you. You furiously retaliate!
You headbutt the hobgoblin. The rat bites you. Robin hits you!
You hear a shout!
You climb upwards.
There is a stone staircase leading down here.
You barely miss the hobgoblin.
The hobgoblin is almost dead.
Robin the merfolk changes into a snapping turtle!
The hobgoblin hits you. The rat completely misses you.
You hit Robin but do no damage. You headbutt Robin.
Robin is lightly wounded.
The hobgoblin misses you. The rat bites you. The hobgoblin barely misses you.
You furiously retaliate!
You headbutt the hobgoblin!
You kill the hobgoblin!
You hit Robin but do no damage.
Robin is poisoned.
You headbutt Robin, but do no damage.
Robin is lightly wounded.
Robin bites you!!
* * * LOW HITPOINT WARNING * * *
The rat barely misses you. Robin bites you from afar!
* * * LOW HITPOINT WARNING * * *
You see here a hobgoblin corpse.
Robin the snapping turtle changes into a lindwurm!
Robin breathes flames at you. The blast of flame hits you!
You die...
Xom roars with laughter!

#.# #..).......#
####.###########.###.#
...#.............###.####
...'.....#######.#......#
...#####.#.......#.######
####...#.#.#.....#.#....#
# #.#.#.#.#.#.#.#.#.#.##
#.....#..............#
###.###.#####@#.#...##
#.#...r.....#.#...#
######.#.#)###.#.#.#...#
...........>k..#.#.#...#
######.#########...#...#
...# #...........###...#
...#############.###...#
.#..)..................#
.#.#############.####..#


You could see Robin the lindwurm shaped shifter (catching breath) and a rat.

Vanquished Creatures
  A phantom (D:2)
  A bullfrog (D:2)
  4 gnolls
  2 dart slugs
  4 endoplasms
  3 giant cockroaches
  10 goblins
  7 hobgoblins
  7 jackals
  A quokka (D:1)
  4 ball pythons
  3 bats
  2 frilled lizards
  2 kobolds
  3 rats
54 creatures vanquished.

Notes
Turn   | Place    | Note
-------+----------+-------------------------------------------
     0 | D:1      | AmazingTV the Minotaur Chaos Knight began the quest for the
                  | Orb.
     0 | D:1      | Reached XP level 1. HP: 19/19 MP: 0/0
    42 | D:1      | Found a faded altar of an unknown god.
    80 | D:1      | Reached XP level 2. HP: 25/27 MP: 1/1
   426 | D:1      | XOM: silly message
   850 | D:2      | XOM: noise
   863 | D:2      | Reached XP level 3. HP: 31/33 MP: 2/2
   924 | D:2      | XOM: divination: detect creatures
   942 | D:1      | HP: 1/33 [something (6)]
  1105 | D:1      | XOM: silly message
  1211 | D:1      | XOM: cloud trail
  1376 | D:2      | XOM: divination: detect creatures
  1721 | D:2      | XOM: god gift: 47 gold pieces
  1778 | D:2      | Reached XP level 4. HP: 39/40 MP: 3/3
  1884 | D:2      | Noticed a bullfrog
  1884 | D:2      | an adder changed into a bullfrog
  1886 | D:2      | Killed a bullfrog
  1887 | D:2      | Reached XP level 5. HP: 47/47 MP: 4/4
  2382 | D:3      | Noticed a phantom
  2382 | D:3      | XOM: noise
  2383 | D:3      | Noticed Robin
  2396 | D:3      | Noticed Robin
  2396 | D:3      | Robin changed into Robin the glowing shapeshifter
  2396 | D:3      | XOM: polymorph Robin -> Robin the glowing shapeshifter
  2396 | D:3      | Noticed Robin
  2396 | D:3      | Robin the glowing shapeshifter changed into Robin the
                  | merfolk
  2440 | D:2      | XOM: confuse monster(s)
  2587 | D:1      | XOM: noise
  2674 | D:1      | XOM: give mutation
  2674 | D:1      | Gained mutation: You are covered in fur. (AC +1) [Xom's
                  | grace]
  2707 | D:2      | Killed a phantom
  2708 | D:2      | Reached skill level 5 in Fighting
  2708 | D:2      | Reached skill level 5 in Maces & Flails
  2805 | D:2      | Noticed Robin
  2805 | D:2      | Robin the merfolk changed into Robin the snapping turtle
  2810 | D:2      | Noticed Robin
  2810 | D:2      | Robin the snapping turtle changed into Robin the lindwurm
  2812 | D:2      | Killed from afar by Robin the lindwurm (glowing
                  | shapeshifter)

Illustrated notes

Levels and vault maps discovered:
D:1:      dpeg_arrival_court, layout_loops_ring,
          shapermc_ecumenical_altar_totnotflames
D:2:      layout_basic
D:3:      minmay_bubble_buster, layout_basic, st_stairs_4, serial_park_tiny_1,
          uniq_robin, uniq_sigmund

Skill      XL: |  1  2  3  4  5 |
---------------+----------------+-----
Fighting       | 4 5 |  5.0
Maces & Flails | 4 5 |  5.0
Armour         | 3 4 |  4.2
Dodging        | 2 3 |  3.2

Action                   |  1- 3 |  4- 6 || total
-------------------------+-------+-------++-------
Melee: Mace              |    79 |    61 ||   140
       Headbutt          |    12 |    12 ||    24
Armor: Leather armour    |    36 |    33 ||    69
Dodge: Dodged            |    47 |    45 ||    92

Table legend: (Time is in decaauts)
 A = Elapsed time spent in this place.
 B = Non-inter-level travel time spent in this place.
 C = Inter-level travel time spent in this place.
 D = Time resting spent in this place.
 E = Time spent auto-exploring this place.
 F = Levels seen in this place.
 G = Mean time per level.
                   A        B        C        D        E       F      G
               +--------+--------+--------+--------+--------+-----+--------+
         Total |   2841 |   2622 |    219 |    557 |   1357 |   3 |  947.0 |
       Dungeon |   2841 |   2622 |    219 |    557 |   1357 |   3 |  947.0 |
               +--------+--------+--------+--------+--------+-----+--------+

Top non-repeatable levels by time:
     D:1: 1425 daAuts
     D:2: 1375 daAuts
     D:3: 40 daAuts
